 Dungeon Crawl Stone Soup version 0.29-a0-371-g91724d5b39 (webtiles) character file.

Game seed: 1816202192702007332

19 spaghetti the Cutter (level 2, -5/16 HPs)
             Began as a Vine Stalker Chaos Knight on May 2, 2022.
             Was a Plaything of Xom.
             Slain by Sigmund
             ... wielding a +0 scythe
              (6 damage)
             ... on level 1 of the Dungeon.
             The game lasted 00:02:22 (955 turns).

spaghetti the Cutter (Vine Stalker Chaos Knight)     Turns: 955, Time: 00:02:24

Health: -5/16      AC:  5    Str: 14    XL:     2   Next: 75%
Magic:  0/3        EV: 11    Int: 12    God:    Xom [..*...]
Gold:   36         SH:  0    Dex: 13    Spells: 0/1 levels left

rFire   . . .      SeeInvis .   g - +0 broad axe {axe}
rCold   . . .      Faith    .   (no shield)
rNeg    . . .      Spirit   +   b - +2 leather armour
rPois   .          Reflect  .   (no helmet)
rElec   .          Harm     .   (no cloak)
rCorr   .          Rampage  .   (no gloves)
Will    .....                   (no boots)
Stlth   +.........              (no amulet)
HPRegen 0.05/turn               (no ring)
MPRegen 0.08/turn               (no ring)

@: no status effects
A: fangs 2, magic shield, antimagic bite, no potion heal 2
a: Renounce Religion


You were on level 1 of the Dungeon.
You worshipped Xom.
You were a toy of Xom.
You visited 1 branch of the dungeon, and saw 2 of its levels.

You collected 36 gold pieces.


Innate Abilities, Weirdness & Mutations

You have extremely sharp teeth.
When hurt, damage is shared between your health and your magic reserves.
Your bite disrupts and absorbs the magic of your enemies.
Potions cannot restore your health.


   Skills:
 - Level 2.6 Fighting
 - Level 2.8 Short Blades
 + Level 1.1 Axes
 - Level 1.5 Armour
 - Level 0.7 Dodging
 - Level 1.3 Stealth
 + Level 0.9 Necromancy


You couldn't memorise any spells.
You knew the following spells:

 Your Spells              Type           Power      Damage    Failure   Level
a - Pain                  Necr           8%         1d4       28%         1

Your spell library contained the following spells:

 Spells                   Type           Power      Damage    Failure   Level
 Agony                    Necr           2%         N/A       100%        5
 Excruciating Wounds      Necr           1%         N/A       100%        5

Inventory:

Hand Weapons
 a - a +0 short sword of chaos {short}
 g - a +0 broad axe (weapon) {axe}
   (You found it on level 1 of the Dungeon)
Missiles
 f - 51 stones (quivered) {throwing}
 n - 2 poisoned darts {throwing}
Armour
 b - a +2 leather armour (worn)
 l - a +2 plate armour of positive energy
   (You found it on level 1 of the Dungeon)
Scrolls
 d - a scroll of blinking {unknown}
 h - a scroll of immolation {unknown}
 j - a scroll of holy word {unknown}
 k - a scroll of identify {unknown}
 m - a scroll of fear {unknown}
Potions
 e - a potion of heal wounds {unknown}
 i - a potion of curing {@q1}
 o - a potion of magic {unknown}
 p - a potion of degeneration {unknown}
Miscellaneous
 c - a piece from Xom's chessboard (15/15)

Dungeon Overview and Level Annotations

Branches:
Dungeon (2/15)

Altars:

Annotations:
D:1 Sigmund
D:2 Terence

.##....########.......#..##.###..
.................................
.#####.#####..#.........##.#....#
.# #.....###.#########..........
.# #..........#####.....########
#####..........##.........##.....
...####.......÷........##.##.###.
...# #...♣♣♣♣.....♣.♣.♣#♣#..# #.
...# ##.♣♣...♣.@............###.
...# ##♣♣P.♣.♣♣S@.♣.♣.♣.♣#....#.
...# #...♣..P.♣.........#..#....
...# #.PPP...♣♣...♣.♣.♣.♣.##..#.
...####.♣.♣..P♣♣...............#.
.........♣♣♣P♣♣....♣.♣.♣.♣..##.##
..........♣♣♣♣.........##.#.##.##
...#...............##.....#.##.##
#...#..........##................


You could see Sigmund (magic disrupted) and an adder.


Message History

A rat is nearby!
You see here a ball python skeleton.
Casting: Pain (safe; 28% risk of failure)
Confirm with . or Enter, or press ? or * to list all spells.
Aiming: Pain (safe; 28% risk of failure)
Press: ? - help, Shift-Dir - straight line, f - rat
Aim: a rat (chance to affect: 58%)
The rat writhes in agony. 😕 HP[-1] MP[-1]
You take 1 damage, and now have 15/16 hp.
You lost 1 mp, and now have 2/3 mp.
Casting: Pain (safe; 28% risk of failure)
Confirm with . or Enter, or press ? or * to list all spells.
Aiming: Pain (safe; 28% risk of failure)
Press: ? - help, Shift-Dir - straight line, f/p - rat
Aim: a rat (moderately wounded, chance to affect: 58%)
You miscast Pain.
You are very lightly contaminated with residual magic.
Nothing appears to happen. 😕 MP[-1]
You lost 1 mp, and now have 1/3 mp.
Casting: Pain (safe; 28% risk of failure)
Confirm with . or Enter, or press ? or * to list all spells.
Aiming: Pain (safe; 28% risk of failure)
Press: ? - help, Shift-Dir - straight line, f/p - rat
Aim: a rat (moderately wounded, chance to affect: 58%)
You miscast Pain.
Nothing appears to happen. 😕 MP[-1]
You lost 1 mp, and now have 0/3 mp.
Casting: Pain (safe; 28% risk of failure)
Confirm with . or Enter, or press ? or * to list all spells.
You don't have enough magic to cast this spell.
You slash the rat!
You kill the rat!
(D) Dungeon
Where to? (Enter - D:2, ? - help)
There is a stone staircase leading down here.
You climb downwards.
Sigmund shouts!
Xom briefly touches your surroundings.
You hear an angry hiss.
You hear a shout!
There is a stone staircase leading up here. 😎 HP[+1]
Your hp is fully restored (16).
Unknown command.
Unknown command.
You barely miss Sigmund.
An adder comes into view.
Sigmund misses you.
You closely miss Sigmund. You bite Sigmund.
Sigmund's magic leaks into the air.
You drain his magic.
You feel invigorated.
Sigmund falters for a moment. 😎 MP[+1]
You closely miss Sigmund. Your bite misses Sigmund. You barely miss the adder.
Sigmund hits you but does no damage.
The adder barely misses you. x2 😎 MP[+1]
You hit Sigmund but do no damage. You bite Sigmund.
Sigmund's magic leaks into the air.
You drain his magic.
You feel invigorated.
You closely miss the adder.
Terence the Incautious comes into view.
He is wielding a +0 short sword.
Sigmund hits you with a +0 scythe!
A shower of butterflies erupts from you!
The adder barely misses you.
Your magical contamination has completely faded away. 😮 HP[-6]
You take 6 damage, and now have 10/16 hp.
MASSIVE DAMAGE!! (PAUSE) Unknown command.
Unknown command.
Unknown command.
Unknown command.
The adder closely misses you. Sigmund hits you but does no damage.
Terence closely misses your butterfly. The adder closely misses you.
You climb upwards.
Your summoned ally is left behind.
There is a stone staircase leading down here.
Unknown command.
Unknown command.
You hit Sigmund. You bite Sigmund.
Sigmund's magic leaks into the air.
You drain his magic.
You feel invigorated.
You miss the adder.
Xom makes a sudden noise!
You hear a piteous moan.
You are now a toy of Xom.
The adder bites you.
* * * LOW HITPOINT WARNING * * *
Sigmund casts a spell at you. The puff of flame hits you!
* * * LOW HITPOINT WARNING * * *
The adder barely misses you. 😱 HP[-9] MP[-2]
You take 9 damage, and now have 1/16 hp.
MASSIVE DAMAGE!! (PAUSE)
You lost 2 mp, and now have 0/3 mp.
Unknown command.
Unknown command.
Okay, then.
Okay, then.
It was a potion of curing.
That felt strangely inert.
Xom thinks this is hilarious!
Sigmund hits you with a +0 scythe.
You die...
Xom giggles madly!

Skill      XL: |  1  2 |
---------------+-------+-----
Stealth        | 1 |  1.3
Axes           | 1 |  1.1
Fighting       | |  2.6
Short Blades   | |  2.8
Armour         | |  1.5
Dodging        | |  0.7
Necromancy     | |  0.9

Action                   || total
-------------------------++-------
Melee: Broad axe         ||    35
       Short sword       ||     9
       Bite              ||     8
Throw: Stone             ||    10
 Cast: Pain              ||    10
  Use: Potion            ||     1
 Stab: Sleeping          ||     1
Armor: Leather armour    ||    24
Dodge: Dodged            ||    33

Levels and vault maps discovered:
D:1:      grunt_arrival_lava_bath, layout_rooms, serial_forest,
          infiniplex_forest_lined_3, infiniplex_forest_end_2,
          infiniplex_forest_lined_corner, infiniplex_forest_lined_room_2
D:2:      layout_loops_ring, grunt_decor_resistance, uniq_natasha, uniq_sigmund,
          uniq_terence

Notes
Turn   | Place    | Note
-------+----------+-------------------------------------------
     0 | D:1      | spaghetti the Vine Stalker Chaos Knight began the quest for
                  | the Orb.
     0 | D:1      | Reached XP level 1. HP: 11/11 MP: 2/2
     0 | D:1      | magus.rc [v1.9.6]
    62 | D:1      | Reached skill level 1 in Stealth
   177 | D:1      | You pick up a book of Pain and begin reading...
   177 | D:1      | You add the spells Pain, Agony and Excruciating Wounds to
                  | your library.
   200 | D:1      | Reached XP level 2. HP: 6/16 MP: 1/3
   400 | D:1      | Learned a level 1 spell: Pain
   614 | D:1      | Reached skill level 1 in Axes
   947 | D:2      | Noticed Sigmund
   947 | D:2      | XOM: scenery: summon butterflies
   951 | D:2      | Noticed Terence
   951 | D:2      | XOM: butterfly on damage
   954 | D:1      | XOM: noise
   954 | D:1      | HP: 1/16 [Sigmund/puff of flame (7)]
   955 | D:1      | Slain by Sigmund

Vanquished Creatures
  An endoplasm (D:1)
  2 giant cockroaches (D:1)
  2 hobgoblins (D:1)
  3 kobolds (D:1)
  4 ball pythons (D:1)
  3 bats (D:1)
  A frilled lizard (D:1)
  3 rats (D:1)
19 creatures vanquished.

Table legend:
 A = Non-vault XP
 B = Vault XP
 C = Vault XP percentage of total XP
 D = Non-vault monster count
 E = Vault monster count
 F = Vault count percentage of total count
                 A         B        C        D         E       F
            +---------+---------+-------+---------+---------+-------
      Total |      28 |       0 |   0.0 |      19 |       0 |   0.0
            +---------+---------+-------+---------+---------+-------
        D:1 |      28 |       0 |   0.0 |      19 |       0 |   0.0
            +---------+---------+-------+---------+---------+-------

Illustrated notes

Table legend:
 A = Kills in this place as a percentage of kills in entire the game.
 B = Kills by you in this place as a percentage of kills by you in the entire game.
 C = Kills by friends in this place as a percentage of kills by friends in the entire game.
 D = Other kills in this place as a percentage of other kills in the entire game.
 E = Experience gained in this place as a percentage of experience gained in the entire game.
 F = Experience gained in this place divided by the number of levels of this place that you have seen.
                   A       B       C       D       E      F
               +-------+-------+-------+-------+-------+----------------------
         Total | 100.0 | 100.0 |   N/A |   N/A | 100.0 |  14.0
       Dungeon | 100.0 | 100.0 |   N/A |   N/A | 100.0 |  14.0
               +-------+-------+-------+-------+-------+----------------------

Table legend: (Time is in decaauts)
 A = Elapsed time spent in this place.
 B = Non-inter-level travel time spent in this place.
 C = Inter-level travel time spent in this place.
 D = Time resting spent in this place.
 E = Time spent auto-exploring this place.
 F = Levels seen in this place.
 G = Mean time per level.
                   A        B        C        D        E       F      G
               +--------+--------+--------+--------+--------+-----+--------+
         Total |    975 |    940 |     35 |    263 |    502 |   2 |  487.5 |
       Dungeon |    975 |    940 |     35 |    263 |    502 |   2 |  487.5 |
               +--------+--------+--------+--------+--------+-----+--------+

Top non-repeatable levels by time:
     D:1: 967 daAuts
     D:2: 7 daAuts
